 Dungeon Crawl Stone Soup version 0.31.0-9-g3a7656b989 (webtiles) character file.

Game seed: 12516784347431633510

677 qw the Skirmisher (level 7, -1/40 HPs)
             Began as a Deep Elf Hunter on Feb 2, 2024.
             Slain by Pikel
             ... wielding a +2 whip of freezing
              (2 damage)
             ... on level 5 of the Dungeon.
             The game lasted 00:00:16 (3112 turns).

qw the Skirmisher (Deep Elf Hunter)                 Turns: 3112, Time: 00:00:16

Health: -1/40      AC:  8    Str: 10    XL:     7   Next: 33%
Magic:  9/9        EV: 11    Int: 14    God:
Gold:   195        SH:  0    Dex: 18    Spells: 6/6 levels left

rFire   . . .        a - +3 shortbow
rCold   . . .        (shield currently unavailable)
rNeg    . . .        g - +0 ring mail
rPois   .            e - +2 helmet
rElec   .            (no cloak)
rCorr   .            (no gloves)
SInv    .            (no boots)
Will    .....        f - amulet of regeneration
Stlth   +            (no ring)
HPRegen 1.06/turn    (no ring)
MPRegen 0.11/turn

%: no passive effects
@: about to teleport
A: no striking features
a: no special abilities


You were on level 5 of the Dungeon.
You visited 2 branches of the dungeon, and saw 6 of its levels.

You collected 195 gold pieces.


   Skills:
 - Level 2.0 Fighting
 + Level 11.2 Ranged Weapons
 - Level 1.0 Armour
 - Level 3.0 Dodging
 - Level 1.2 Stealth


You had 6 spell levels left.
You didn't know any spells.
Your spell library was empty.

Inventory:

Hand Weapons
 a - a +3 shortbow (weapon)
Armour
 e - a +2 helmet (worn)
 g - a +0 ring mail (worn)
Jewellery
 f - an amulet of regeneration (around neck)
 l - a +6 ring of intelligence
Wands
 k - a wand of flame (18)
Scrolls
 d - a scroll of teleportation
Potions
 b - 3 potions of brilliance {unknown}
 c - a potion of attraction {unknown}
 h - 2 potions of enlightenment
 i - a potion of cancellation {unknown}
 j - a potion of invisibility {unknown}

Dungeon Overview and Level Annotations

Branches:
Dungeon (6/15)             Temple (1/1) D:6

Altars:
Ashenzari
Cheibriados
Elyvilon
Gozag
Hepliaklqana
Kikubaaqudgha
Makhleb
Nemelex Xobeh
Sif Muna
Trog
Vehumet
Yredelemnul
The Shining One

Annotations:
D:5 1 runed translucent door, Crazy Yiuf, Pikel


Message History

You shoot an arrow.
The arrow hits Pikel but does no damage.
Pikel is lightly wounded.
You shoot an arrow. The arrow hits Pikel.
Pikel is lightly wounded.
Pikel hits you with a +2 whip of freezing!
Pikel freezes you.
You shoot an arrow. The arrow barely misses Pikel.
You shoot an arrow. The arrow closely misses Pikel.
Pikel hits you with a +2 whip of freezing!
Pikel freezes you.
You shoot an arrow. The arrow misses Pikel.
Pikel cracks his whip.
Pikel barely misses you.
Pikel hits you with a +2 whip of freezing.
Pikel freezes you.
You shoot an arrow. The arrow barely misses Pikel.
You shoot an arrow. The arrow completely misses Pikel.
Pikel misses you.
You shoot an arrow. The arrow hits Pikel.
Pikel is lightly wounded.
Pikel hits you but does no damage.
You shoot an arrow. The arrow hits Pikel!
Pikel is heavily wounded.
Pikel hits you with a +2 whip of freezing.
Pikel freezes you.
You shoot an arrow. The arrow misses Pikel.
Pikel hits you but does no damage.
You shoot an arrow. The arrow closely misses Pikel.
Pikel hits you with a +2 whip of freezing!
Pikel freezes you.
3111 ||| READING 2 scrolls of teleportation.
As you read the scroll of teleportation, it crumbles to dust.
You feel strangely unstable. Pikel closely misses you.
You shoot an arrow. The arrow closely misses Pikel.
Pikel hits you with a +2 whip of freezing!
Pikel freezes you.
You die...
Pikel says, "See you in Hell!"

#
..#.####.#.....
.. ......
..............
.. #.....
#............
.. #.....
#.......##### .
#.....
#.......#
#.....
#.......#
#....$
#.####.##
#....K#####.#
#.#
#.....@.....#
#.#
#.....#####.#
#.# #..... #.#
#.. ##.### #.#
### # #.. ###


You could see Pikel.

Vanquished Creatures
  4 lemures (D:5)
  2 scorpions
  A hound (D:6)
  A bombardier beetle (D:5)
  3 orc priests (D:6)
  2 gnoll boudas (D:5)
  2 iguanas
  A sleepcap (D:6)
  3 orc wizards (D:6)
  Robin (D:2)
  8 gnolls (D:5)
  3 adders
  A dart slug (D:2)
  2 ribbon worms
  11 orcs
  2 bats
  5 endoplasms
  3 giant cockroaches
  8 goblins
  3 hobgoblins
  7 jackals
  5 kobolds
  3 quokkas
  3 ball pythons
  2 rats
86 creatures vanquished.

Notes
Turn   | Place    | Note
-------+----------+-------------------------------------------
     0 | D:1      | qw the Deep Elf Hunter began the quest for the Orb.
     0 | D:1      | Reached XP level 1. HP: 12/12 MP: 3/3
     0 | D:1      | 0 ||| qw: Version: 0.3-a-155-g5e7d8dd
     0 | D:1      | 0 ||| qw: Game counter: 631
     0 | D:1      | 0 ||| qw: Melee chars always use a shield: true
     0 | D:1      | 0 ||| qw: God list: Okawaru
     0 | D:1      | 0 ||| qw: Allow faded altars: false
     0 | D:1      | 0 ||| qw: Do Orc after clearing Dungeon:15 true
     0 | D:1      | 0 ||| qw: Do second Lair branch before Depths: true
     0 | D:1      | 0 ||| qw: Lair rune preference: random
     0 | D:1      | 0 ||| qw: Goals: Normal
     0 | D:1      | 0 ||| PLANNING D:1-11
    97 | D:1      | Reached XP level 2. HP: 15/16 MP: 4/4
   108 | D:1      | Reached skill level 6 in Ranged Weapons
   285 | D:1      | Found a faded altar of an unknown god.
   652 | D:1      | 652 ||| UPGRADING to +0 ring mail.
   662 | D:1      | 662 ||| DROPPING +0 leather armour.
   663 | D:1      | 663 ||| READING 4 scrolls labelled HAUQUA XO GUSA.
   666 | D:1      | 666 ||| READING scroll labelled ACRUTS ENINUT.
   666 | D:1      | 666 ||| IDENTIFYING fuming grey potion
   667 | D:1      | 667 ||| READING scroll labelled MOIRCH TACIEKEO.
   667 | D:1      | 667 ||| ENCHANTING +0 shortbow.
   668 | D:1      | 668 ||| DROPPING scroll of butterflies.
   766 | D:2      | Reached XP level 3. HP: 20/20 MP: 5/5
   931 | D:2      | Reached skill level 7 in Ranged Weapons
   937 | D:2      | Noticed Robin
   945 | D:2      | HP: 3/20 [goblin/+0 dagger[Robin] (4)]
   946 | D:2      | 946 ||| READING 3 scrolls of teleportation.
   947 | D:2      | 947 ||| DRINKING potion of heal wounds.
  1600 | D:2      | Found a hazy altar of Hepliaklqana.
  1617 | D:2      | Killed Robin
  1618 | D:2      | Reached XP level 4. HP: 24/25 MP: 6/6
  1681 | D:2      | 1681 ||| UPGRADING to +0 helmet.
  1686 | D:2      | 1686 ||| READING 2 scrolls labelled SADDECS NACLAK.
  1686 | D:2      | 1686 ||| ENCHANTING +0 helmet.
  1687 | D:2      | 1687 ||| READING scroll of enchant armour.
  1687 | D:2      | 1687 ||| ENCHANTING +1 helmet.
  1688 | D:2      | 1688 ||| DRINKING 2 cyan potions.
  1727 | D:3      | 1727 ||| READING scroll of enchant weapon.
  1727 | D:3      | 1727 ||| ENCHANTING +1 shortbow.
  1821 | D:3      | You fall into a shaft and drop 3 floors!
  1829 | D:6      | 1829 ||| PLANNING SEWER
  1917 | D:6      | Reached skill level 8 in Ranged Weapons
  1921 | D:6      | 1921 ||| DRINKING green potion.
  1923 | D:6      | Reached XP level 5. HP: 29/29 MP: 7/7
  1928 | D:6      | Found a staircase to the Ecumenical Temple.
  1931 | D:6      | Identified the +10 hand axe "Qikoin" {flame, rPois Int-5
                  | SInv}
  1979 | D:6      | Reached skill level 9 in Ranged Weapons
  2089 | D:6      | 2089 ||| READING scroll of enchant weapon.
  2089 | D:6      | 2089 ||| ENCHANTING +2 shortbow.
  2109 | D:6      | Reached XP level 6. HP: 16/35 MP: 8/8
  2251 | D:6      | Reached skill level 10 in Ranged Weapons
  2259 | D:6      | HP: 8/35 [poisoned by a scorpion]
  2435 | D:6      | Reached skill level 3 in Dodging
  2491 | D:6      | 2491 ||| RIP SEWER
  2501 | D:6      | 2501 ||| PLANNING TEMPLE
  2501 | D:6      | 2501 ||| DROPPING scarf of shadows.
  2502 | D:6      | 2502 ||| UPGRADING to amulet of regeneration.
  2507 | D:6      | 2507 ||| READING scroll labelled GUIXTE BIXZYA.
  2508 | D:6      | 2508 ||| DRINKING 2 viscous brown potions.
  2512 | D:6      | 2512 ||| DROPPING potion of ambrosia.
  2558 | Temple   | Entered the Ecumenical Temple
  2559 | Temple   | 2559 ||| PLANNING D:1-11
  2584 | D:5      | Entered Level 5 of the Dungeon
  2585 | D:5      | 2585 ||| PLANNING OSSUARY
  2610 | D:5      | Found a runed translucent door.
  2611 | D:5      | Noticed Crazy Yiuf
  2638 | D:5      | 2638 ||| RETREEEEATING.
  2639 | D:5      | 2639 ||| RETREEEEATING.
  2640 | D:5      | 2640 ||| RETREEEEATING.
  2644 | D:5      | 2644 ||| RETREEEEATING.
  2776 | D:5      | 2776 ||| RETREEEEATING.
  2778 | D:5      | 2778 ||| RETREEEEATING.
  2784 | D:5      | 2784 ||| RETREEEEATING.
  2797 | D:5      | Reached skill level 1 in Armour
  2811 | D:5      | Reached XP level 7. HP: 40/40 MP: 9/9
  2957 | D:5      | Reached skill level 11 in Ranged Weapons
  3095 | D:5      | Noticed Pikel
  3110 | D:5      | HP: 9/40 [Pikel/+2 whip of freezing (5)]
  3111 | D:5      | 3111 ||| READING 2 scrolls of teleportation.
  3112 | D:5      | HP: 1/40 [Pikel/+2 whip of freezing (10)]
  3112 | D:5      | Slain by Pikel

Levels and vault maps discovered:
D:1:      dpeg_arrival_central, layout_basic, basic_ecumenical_altar
D:2:      layout_loops_ring, basic_altar, serial_aquarium,
          aquarium_bridge_straight [aquarium_subvault_bridge,
          aquarium_subvault_balcony, aquarium_subvault_bridge,
          aquarium_subvault_wall], aquarium_bridge_square
          [aquarium_subvault_balcony, aquarium_subvault_balcony,
          aquarium_subvault_bridge, aquarium_subvault_wall],
          aquarium_window_fake, aquarium_window_1, aquarium_window_corridor_1,
          aquarium_view_4, aquarium_view_2a, aquarium_pool_1,
          nrook_mini_backslash, minmay_misc_feat_tower, uniq_robin
D:3:      layout_rooms, chequers_temple_overflow_minitemple, uniq_natasha
D:5:      layout_basic, enter_ossuary_1, uniq_pikel, uniq_crazy_yiuf_cottage
D:6:      nicolae_BIG_FREAKIN_CUBE, layout_basic, minmay_temple_entry_waves,
          portal_sewer_entry_b, nicolae_nh_ransacked_shop
Temple:   nicolae_temple_slightly_damp_pantheon

Skill      XL: |  1  2  3  4  5  6  7 |
---------------+----------------------+-----
Ranged Weapons | 6 7 8 9 10 11 | 11.2
Fighting       | 2 |  2.0
Dodging        | 3 |  3.0
Armour         | 1 |  1.0
Stealth        | |  1.2

Action                     |  1- 3 |  4- 6 |  7- 9 || total
---------------------------+-------+-------+-------++-------
   Fire: Shortbow          |   119 |   195 |    45 ||   359
    Use: Scroll            |     4 |     5 |     1 ||    10
         Potion            |     1 |     3 |       ||     4
 Armour: Leather armour    |    16 |       |       ||    16
         Ring mail         |    25 |    67 |    11 ||   103
  Dodge: Dodged            |    35 |    73 |     7 ||   115

Table legend:
 A = Non-vault XP
 B = Vault XP
 C = Vault XP percentage of total XP
 D = Non-vault monster count
 E = Vault monster count
 F = Vault count percentage of total count
                 A         B        C        D         E       F
            +---------+---------+-------+---------+---------+-------
      Total |     809 |     159 |  16.4 |      70 |      12 |  14.6
            +---------+---------+-------+---------+---------+-------
        D:1 |      36 |       0 |   0.0 |      19 |       0 |   0.0
        D:2 |      43 |      28 |  39.4 |      15 |       7 |  31.8
        D:3 |      34 |       0 |   0.0 |       9 |       0 |   0.0
        D:5 |     371 |       0 |   0.0 |      14 |       0 |   0.0
        D:6 |     325 |     131 |  28.7 |      13 |       5 |  27.8
            +---------+---------+-------+---------+---------+-------
